[Event "Titled Tuesday Blitz November 15 Early 2022"]
[White "Kowalczyk, Pawel"]
[Black "Dixit, Nikhil"]
[WhiteFideId "1130641"]
[BlackFideId "5059534"]
[WhiteElo "2324"]
[BlackElo "2207"]
[Result "0-1"]
[Round "04"]
[TimeControl "180+1"]
[Date "2022.11.16"]
[WhiteClock "0:00:16"]
[BlackClock "0:00:16"]

1. e4 e6 2. d4 d5 3. Nd2 c5 4. Ngf3 cxd4 5. Nxd4 Nc6 6. Nxc6 bxc6 7. Bd3 Nf6 8. O-O Be7 9. e5 Nd7 10. f4 Nc5 11. Qg4 g6 12. Be2 h5 13. Qf3 Qb6 14. Kh1 Bb7 15. c4 h4 16. Rb1 Ne4 17. Nxe4 dxe4 18. Qxe4 c5 19. Qe3 h3 20. Bf3 hxg2+ 21. Kxg2 Rd8 22. b3 Rd4 23. Bxb7 Qxb7+ 24. Qf3 Qxf3+ 25. Rxf3 Rd1 26. h3 g5 27. fxg5 Bxg5 28. Bxg5 Rxb1 29. Rd3 O-O 30. Bf6 Rb2+ 31. Kf3 Rxa2 32. Rd1 Rb8 33. Rg1+ Kf8 34. Bg7+ Ke8 35. h4 Rxb3+ 36. Kg4 Rc2 37. h5 Rxc4+ 38. Kg5 Rcc3 39. Kh6 c4 40. Bf6 Rd3 41. Rg8+ Kd7 42. Rd8+ Kc6 43. Rc8+ Kd5 44. Kg7 Rh3 45. h6 Rbg3+ 46. Kxf7 Rxh6 47. Rd8+ Ke4 48. Kxe6 c3 49. Rc8 Rh2 50. Kf7 Rh7+ 51. Kf8 Rf3 52. Kg8 Rb7 53. Bh8 Rg3+ 54. Kf8 Rf3+ 55. Kg8 Kd3 56. e6 c2 57. Bg7 Rg3 58. Rc3+ Ke2 59. Rxg3 c1=Q 60. Bf8 Qc8 61. e7 Rxe7 0-1


[Site "https://www.chess.com"]

[Event "Titled Tuesday Blitz November 15 Early 2022"]
[White "Kryakvin, Dmitry"]
[Black "Orlov, Georgi"]
[WhiteFideId "4153278"]
[BlackFideId "2011271"]
[WhiteElo "2414"]
[BlackElo "2539"]
[Result "1/2-1/2"]
[Round "04"]
[TimeControl "180+1"]
[Date "2022.11.16"]
[WhiteClock "0:00:24"]
[BlackClock "0:01:22"]

1. d4 Nf6 2. c4 Nc6 3. Nf3 e6 4. g3 Bb4+ 5. Bd2 Qe7 6. Bg2 Bxd2+ 7. Nbxd2 d6 8. O-O e5 9. d5 Nb8 10. e4 O-O 11. Ne1 a5 12. Nd3 Na6 13. f4 Nd7 14. f5 f6 15. g4 Ndc5 16. Nxc5 Nxc5 17. Qe2 Bd7 18. Kh1 Rfb8 19. Bf3 b5 20. b3 bxc4 21. Nxc4 a4 22. bxa4 Rxa4 23. Rfb1 Rab4 24. Rxb4 Rxb4 25. Qc2 Qd8 26. Rb1 Ba4 27. Qc1 Qb8 28. Nd2 Nd3 29. Rxb4 Qxb4 30. Qxc7 Qxd2 31. Qc8+ Kf7 32. Qe6+ Kf8 33. Qxd6+ Ke8 34. Qb8+ 1/2-1/2


[Site "https://www.chess.com"]

[Event "Titled Tuesday Blitz November 15 Early 2022"]
[White "Kula, Robert"]
[Black "Kaidanov, Gregory"]
[WhiteFideId "1101218"]
[BlackFideId "2008564"]
[WhiteElo "2184"]
[BlackElo "2641"]
[Result "0-1"]
[Round "04"]
[TimeControl "180+1"]
[Date "2022.11.16"]
[WhiteClock "0:00:13"]
[BlackClock "0:00:39"]

1. d4 d5 2. c4 e6 3. Nc3 c6 4. e3 Nf6 5. Nf3 Nbd7 6. Bd3 Be7 7. a3 O-O 8. c5 e5 9. dxe5 Ng4 10. b4 Ngxe5 11. Bc2 Nxf3+ 12. gxf3 Bf6 13. Bb2 Ne5 14. Rg1 Nc4 15. Qd3 g6 16. Rb1 Re8 17. Bb3 Nxb2 18. Rxb2 Bf5 19. Qd2 d4 20. Ne4 Bxe4 21. fxe4 dxe3 22. Qxd8 Raxd8 23. Rc2 exf2+ 24. Rxf2 Rxe4+ 25. Re2 Bc3+ 26. Kf1 Rxe2 27. Kxe2 Rd2+ 28. Ke3 Rb2 29. Bc4 Bf6 30. Rd1 Bg5+ 31. Kf3 Rd2 32. Re1 Kf8 33. Re4 Rxh2 34. Rd4 Rh4 35. Rxh4 Bxh4 36. Kg4 Be7 37. Kf4 h5 38. Be2 Bf6 39. Bf3 Bb2 40. a4 Ba3 41. b5 Bxc5 42. bxc6 bxc6 43. Bxc6 Kg7 44. Kg5 Be3+ 45. Kh4 Kh6 46. Kg3 f5 47. a5 Bd2 48. a6 Be3 49. Be8 Bb6 50. Bd7 Kg5 51. Kf3 h4 52. Be8 Kf6 53. Bd7 g5 54. Bc8 g4+ 55. Kg2 Kg5 56. Bd7 f4 57. Be6 h3+ 58. Kh1 Kh4 59. Bf5 f3 60. Be4 f2 61. Bd3 g3 62. Bf1 g2+ 63. Bxg2 hxg2+ 64. Kxg2 Kg4 65. Kf1 Kg3 66. Ke2 Kg2 67. Kd2 f1=Q 0-1


[Site "https://www.chess.com"]

[Event "Titled Tuesday Blitz November 15 Early 2022"]
[White "Lehtosaari, Mauri"]
[Black "Fajdetic, Hrvoje"]
[WhiteFideId "501999"]
[BlackFideId "14501945"]
[WhiteElo "2500"]
[BlackElo "2172"]
[Result "1-0"]
[Round "04"]
[TimeControl "180+1"]
[Date "2022.11.16"]
[WhiteClock "0:00:08"]
[BlackClock "0:00:04"]

1. d4 e6 2. Nf3 f5 3. Bf4 Nf6 4. e3 b6 5. h3 Bb7 6. Be2 Bd6 7. O-O Bxf4 8. exf4 O-O 9. c4 Ne4 10. Nc3 c5 11. dxc5 bxc5 12. Nd2 Nxc3 13. bxc3 Qc7 14. g3 Nc6 15. Bf3 Ne7 16. Bxb7 Qxb7 17. Rb1 Qc6 18. Nf3 d6 19. Ng5 Rf6 20. Re1 Qd7 21. Qf3 Re8 22. Rb7 Qc8 23. h4 h6 24. Nh3 Nc6 25. Rbb1 Na5 26. Qd3 Qa6 27. Rb5 d5 28. Rxc5 dxc4 29. Qd7 Ref8 30. Rc7 R6f7 31. Rd1 Rxd7 32. Rdxd7 Rf6 33. Rxg7+ Kf8 34. Rh7 Ke8 35. Rxa7 Qc8 36. Rac7 Qd8 37. Rcg7 Rf8 38. h5 Nc6 39. Ng5 Qd1+ 40. Kg2 Qd5+ 41. Kh2 Qd2 42. Nh3 Qxc3 43. Rc7 Nd4 44. Rc8# 1-0


[Site "https://www.chess.com"]

[Event "Titled Tuesday Blitz November 15 Early 2022"]
[White "Leiva, Gianmarco"]
[Black "Janaszak, Dawid"]
[WhiteFideId "3804399"]
[BlackFideId "1119206"]
[WhiteElo "2286"]
[BlackElo "2226"]
[Result "0-1"]
[Round "04"]
[TimeControl "180+1"]
[Date "2022.11.16"]
[WhiteClock "0:00:32"]
[BlackClock "0:00:51"]

1. e4 c5 2. Nf3 Nc6 3. Bb5 g6 4. Ba4 Bg7 5. c3 Nf6 6. Bc2 e5 7. d4 cxd4 8. cxd4 exd4 9. Nxd4 O-O 10. O-O Re8 11. Nxc6 bxc6 12. Nc3 d5 13. exd5 Nxd5 14. Na4 Qh4 15. Qf3 Ba6 16. Bd2 Bxf1 17. Rxf1 Rab8 18. Bb3 Qe4 19. Qg3 Qe2 20. Bf4 Rb4 21. Be3 Rg4 22. Qd6 Nxe3 23. Bxf7+ Kh8 0-1


[Site "https://www.chess.com"]

[Event "Titled Tuesday Blitz November 15 Early 2022"]
[White "Lenderman, Aleksandr"]
[Black "Postnikov, Daniil"]
[WhiteFideId "2021285"]
[BlackFideId "4166329"]
[WhiteElo "2607"]
[BlackElo "2261"]
[Result "1-0"]
[Round "04"]
[TimeControl "180+1"]
[Date "2022.11.16"]
[WhiteClock "0:02:25"]
[BlackClock "0:00:32"]

1. e4 c5 2. c3 e6 3. d4 d5 4. exd5 exd5 5. Nf3 Nf6 6. Bb5+ Bd7 7. Qe2+ Be7 8. dxc5 O-O 9. O-O Bxc5 10. Bg5 Nc6 11. Nbd2 Bg4 12. Qd3 Be6 13. Nb3 Be7 14. Nbd4 Nxd4 15. Nxd4 Ne4 16. Bxe7 Qxe7 17. Rfe1 Qh4 18. Qe3 Rad8 19. Rad1 Bc8 20. f3 Nd6 21. Qe7 Qh5 22. Re5 Qg6 23. Bd3 Qh6 24. Rde1 Nc4 25. Bxc4 dxc4 26. Qxd8 1-0


[Site "https://www.chess.com"]

[Event "Titled Tuesday Blitz November 15 Early 2022"]
[White "Leve, Nitai"]
[Black "Calcada, Lucas Galvan"]
[WhiteFideId "2006898"]
[BlackFideId "22746099"]
[WhiteElo "2144"]
[BlackElo "1523"]
[Result "1-0"]
[Round "04"]
[TimeControl "180+1"]
[Date "2022.11.16"]
[WhiteClock "0:01:32"]
[BlackClock "0:01:13"]

1. e4 c5 2. Nf3 d6 3. d4 cxd4 4. Qxd4 Nc6 5. Bb5 Bd7 6. Bxc6 Bxc6 7. Nc3 e5 8. Qd3 Be7 9. Be3 h6 10. O-O-O a6 11. h4 Qc7 12. g4 O-O-O 13. g5 Kb8 14. Nd2 f6 15. Nc4 Rf8 16. Bb6 Qd7 17. gxh6 Nxh6 18. Nxd6 Ng4 19. Nf5 Qxd3 20. Rxd3 Nxf2 21. Bxf2 1-0


[Site "https://www.chess.com"]

[Event "Titled Tuesday Blitz November 15 Early 2022"]
[White "Levine, David"]
[Black "Karas, Marek"]
[WhiteFideId "2011611"]
[BlackFideId "14928558"]
[WhiteElo "2159"]
[BlackElo "2220"]
[Result "0-1"]
[Round "04"]
[TimeControl "180+1"]
[Date "2022.11.16"]
[WhiteClock "0:00:03"]
[BlackClock "0:00:06"]

1. d4 Nf6 2. c4 g6 3. g3 Bg7 4. Bg2 O-O 5. Nf3 d6 6. O-O c6 7. Nc3 Bf5 8. Ne1 Be6 9. b3 d5 10. cxd5 cxd5 11. e3 Nc6 12. Nd3 Bf5 13. Nf4 e6 14. h3 g5 15. Nh5 Nxh5 16. Qxh5 Bg6 17. Qe2 h6 18. Ba3 Re8 19. Rfc1 Qa5 20. Bb2 Rac8 21. a3 Qd8 22. Na4 b6 23. Nc3 Qe7 24. Qd1 Nb8 25. Bf1 Rc7 26. a4 Rec8 27. Ba3 Qd8 28. Na2 Rxc1 29. Rxc1 Bf6 30. Bb5 a6 31. Be2 Kg7 32. Kg2 Rc7 33. Rxc7 Qxc7 34. Qc1 Qxc1 35. Nxc1 a5 36. Bd6 Nc6 37. Bc7 Bd8 38. Bxd8 Nxd8 39. Bb5 f6 40. f3 Kf8 41. Kf2 Ke7 42. Ke2 Kd6 43. Bd3 Be8 44. e4 Nc6 45. Ke3 Nb4 46. Bb1 Bc6 47. Nd3 Na6 48. e5+ Ke7 49. exf6+ Kxf6 50. Ne5 Be8 51. Bd3 Nb4 52. Bb1 Ke7 53. f4 Na6 54. fxg5 hxg5 55. h4 gxh4 56. gxh4 Kf6 57. Kf4 Nb8 58. Bd3 Bh5 0-1


[Site "https://www.chess.com"]

[Event "Titled Tuesday Blitz November 15 Early 2022"]
[White "Lopez Del Alamo, Antonio"]
[Black "Fecker, Noah"]
[WhiteFideId "2227339"]
[BlackFideId "1334263"]
[WhiteElo "2175"]
[BlackElo "2291"]
[Result "0-1"]
[Round "04"]
[TimeControl "180+1"]
[Date "2022.11.16"]
[WhiteClock "0:00:05"]
[BlackClock "0:00:08"]

1. e4 g6 2. d4 Nf6 3. Nc3 d6 4. f3 a6 5. Be3 b5 6. a3 Nbd7 7. h4 Bb7 8. h5 Nxh5 9. Nge2 Bg7 10. g4 Nhf6 11. Qd2 Nb6 12. b3 h5 13. g5 Nfd7 14. Bh3 e6 15. f4 Qe7 16. O-O O-O-O 17. a4 b4 18. Nd1 c5 19. a5 Na8 20. Nb2 Bxe4 21. Nc4 d5 22. Nb6+ Ndxb6 23. axb6 Kb7 24. dxc5 d4 25. Rxa6 Qxc5 26. Rfa1 dxe3 27. Ra7+ Kb8 28. Qe1 Bxa1 29. Qxa1 Qxb6 30. Rxf7 Rhf8 31. Qe5+ Nc7 32. Rxf8 Rxf8 33. Qxe4 Qa7 34. Bg2 Kc8 35. Qxb4 Rd8 36. Bf3 h4 37. Kg2 h3+ 38. Kxh3 Rh8+ 39. Kg2 Qa1 40. Ng1 Qc1 41. Qc3 Rd8 42. Ne2 Qd2 43. Qc5 Rh8 44. b4 Qe1 45. Ng1 Qf2# 0-1


[Site "https://www.chess.com"]

[Event "Titled Tuesday Blitz November 15 Early 2022"]
[White "Madaminov, Mukhiddin"]
[Black "Papasimakopoulos, Alexandros"]
[WhiteFideId "14210703"]
[BlackFideId "4244125"]
[WhiteElo "2341"]
[BlackElo "2365"]
[Result "1-0"]
[Round "04"]
[TimeControl "180+1"]
[Date "2022.11.15"]
[WhiteClock "0:00:17"]
[BlackClock "0:00:01"]

1. d4 e6 2. Nc3 d5 3. Bf4 Bb4 4. e3 Nf6 5. Ne2 O-O 6. a3 Bd6 7. Qd2 c5 8. Bxd6 Qxd6 9. Ng3 Nc6 10. Be2 e5 11. dxe5 Qxe5 12. O-O d4 13. exd4 Qxd4 14. Rad1 Be6 15. Qc1 Qh4 16. Rfe1 Nd4 17. Nb5 Nxe2+ 18. Nxe2 Bc4 19. Nd6 Bxe2 20. Rxe2 Rad8 21. h3 b6 22. Ree1 g6 23. Qe3 Rd7 24. Nb5 Rxd1 25. Rxd1 Re8 26. Qf3 Re5 27. Nxa7 Rf5 28. Qg3 Qe4 29. Qc3 Qb7 30. Nb5 h5 31. Nd6 Qd7 32. Rd3 1-0


[Site "https://www.chess.com"]

[Event "Titled Tuesday Blitz November 15 Early 2022"]
[White "Manelyuk, Daniil"]
[Black "Shipov, Sergei"]
[WhiteFideId "44173920"]
[BlackFideId "4113624"]
[WhiteElo "2209"]
[BlackElo "2769"]
[Result "0-1"]
[Round "04"]
[TimeControl "180+1"]
[Date "2022.11.16"]
[WhiteClock "0:00:25"]
[BlackClock "0:02:25"]

1. e4 e6 2. d4 d5 3. Nd2 Be7 4. Ngf3 Nf6 5. Bd3 c5 6. exd5 Qxd5 7. dxc5 Nbd7 8. b4 a5 9. Bc4 Qf5 10. c3 Nd5 11. Bxd5 Qxd5 12. Qb3 Bf6 13. c4 Qf5 14. Bb2 axb4 15. Qxb4 Nxc5 16. Qb3 Nxb3 0-1


[Site "https://www.chess.com"]

[Event "Titled Tuesday Blitz November 15 Early 2022"]
[White "Manukyan, Sargis A."]
[Black "Matveeva, Olga"]
[WhiteFideId "13303970"]
[BlackFideId "24107018"]
[WhiteElo "2187"]
[BlackElo "2055"]
[Result "1-0"]
[Round "04"]
[TimeControl "180+1"]
[Date "2022.11.16"]
[WhiteClock "0:00:47"]
[BlackClock "0:00:32"]

1. Nf3 Nf6 2. b3 d5 3. Bb2 e6 4. g3 Be7 5. Bg2 O-O 6. O-O c5 7. c4 Nc6 8. cxd5 Nxd5 9. Nc3 b6 10. Nxd5 Qxd5 11. d4 Bb7 12. Ne5 Qd6 13. dxc5 Qxd1 14. Rfxd1 Rac8 15. cxb6 axb6 16. Nd7 Rfd8 17. Nxb6 Rb8 18. Nc4 Nb4 19. Rxd8+ Bxd8 20. Bxb7 Rxb7 21. a3 Nd5 22. b4 f6 23. e4 Nb6 24. Nxb6 Bxb6 25. a4 Rd7 26. Bc3 Rd3 27. Rc1 Rf3 28. Be1 Rb3 29. a5 Bd4 30. a6 h5 31. h4 Kh7 32. Kf1 Rb2 33. Rc7 Ra2 34. b5 Kg6 35. Rb7 Ra1 36. Ke2 Ra2+ 37. Kd3 e5 38. f4 Ra3+ 39. Kc4 Ra1 40. f5+ Kh7 41. Bb4 1-0


[Site "https://www.chess.com"]

[Event "Titled Tuesday Blitz November 15 Early 2022"]
[White "Marchesich, Giovanni"]
[Black "Vifleemskaia, Svetlana"]
[WhiteFideId "2824790"]
[BlackFideId "4129490"]
[WhiteElo "2200"]
[BlackElo "1929"]
[Result "1/2-1/2"]
[Round "04"]
[TimeControl "180+1"]
[Date "2022.11.16"]
[WhiteClock "0:01:14"]
[BlackClock "0:00:51"]

1. d4 Nf6 2. Nf3 d5 3. Bf4 c5 4. e3 Nc6 5. Nbd2 Qb6 6. dxc5 Qxc5 7. Nb3 Qb6 8. a4 a5 9. Bb5 Bg4 10. O-O e6 11. h3 Bxf3 12. Qxf3 Be7 13. Qg3 Nh5 14. Qh2 Nxf4 15. Qxf4 O-O 16. c4 e5 17. Qg3 d4 18. exd4 Nxd4 19. Nxd4 Qxd4 20. Rfd1 Qxb2 21. Rab1 Qc2 22. Qxe5 Bf6 23. Qd5 Rfd8 24. Qf3 b6 25. Rbc1 Qb2 26. Rxd8+ Rxd8 27. Rd1 Rxd1+ 28. Qxd1 Qd4 29. Qxd4 Bxd4 30. Kf1 Kf8 31. Ke2 Ke7 32. f4 Kd6 33. Kd3 Bb2 1/2-1/2


[Site "https://www.chess.com"]

[Event "Titled Tuesday Blitz November 15 Early 2022"]
[White "Martin Duque, Jesus"]
[Black "Maksimovic, Bojan"]
[WhiteFideId "2208954"]
[BlackFideId "14408120"]
[WhiteElo "2297"]
[BlackElo "2447"]
[Result "0-1"]
[Round "04"]
[TimeControl "180+1"]
[Date "2022.11.16"]
[WhiteClock "0:02:06"]
[BlackClock "0:01:57"]

1. Nf3 Nf6 2. b3 g6 3. Bb2 Bg7 4. g3 d6 5. d4 c5 6. c4 Na6 7. Bg2 O-O 8. O-O Bf5 9. d5 Nc7 10. Nh4 Bd7 11. Nc3 a6 12. a4 b5 13. a5 Rb8 14. Ra2 e5 15. dxe6 Bxe6 16. Nd5 bxc4 17. Nxc7 Qxc7 18. bxc4 Bxc4 19. Ra4 Bb3 0-1


[Site "https://www.chess.com"]

[Event "Titled Tuesday Blitz November 15 Early 2022"]
[White "Martinez Alcantara, Jose Eduardo"]
[Black "Makridis, Dimitrios"]
[WhiteFideId "3805662"]
[BlackFideId "25864475"]
[WhiteElo "2705"]
[BlackElo "2272"]
[Result "1-0"]
[Round "04"]
[TimeControl "180+1"]
[Date "2022.11.15"]
[WhiteClock "0:00:49"]
[BlackClock "0:00:01"]

1. e4 c5 2. Nf3 Nf6 3. e5 Nd5 4. g3 d6 5. exd6 Nc6 6. Bg2 Bg4 7. h3 Bh5 8. O-O e6 9. Nc3 Qxd6 10. d3 Be7 11. Nxd5 Qxd5 12. Re1 Qd7 13. Bf4 Bg6 14. Ne5 Nxe5 15. Bxe5 O-O 16. Qf3 f6 17. Bc3 Rab8 18. h4 Bf7 19. Bh3 Qd6 20. h5 h6 21. Re2 e5 22. Bf5 b6 23. Rae1 Rbd8 24. Qg4 Qc6 25. f4 Bd6 26. fxe5 Bxe5 27. Rxe5 fxe5 28. Bxe5 g5 29. hxg6 Bd5 30. c4 Rxf5 31. Qxf5 Be6 32. Qf6 1-0


[Site "https://www.chess.com"]

[Event "Titled Tuesday Blitz November 15 Early 2022"]
[White "Melikhov, Evgeny V."]
[Black "Shapiro, Daniel"]
[WhiteFideId "4122046"]
[BlackFideId "2001780"]
[WhiteElo "2169"]
[BlackElo "2287"]
[Result "0-1"]
[Round "04"]
[TimeControl "180+1"]
[Date "2022.11.16"]
[WhiteClock "0:00:02"]
[BlackClock "0:00:25"]

1. d4 Nf6 2. c4 e6 3. Nc3 Bb4 4. Qc2 d5 5. cxd5 exd5 6. Bg5 c6 7. e3 Nbd7 8. Bd3 h6 9. Bh4 O-O 10. Ne2 Re8 11. O-O-O a5 12. Rhg1 Be7 13. g4 Ne4 14. Bxe7 Qxe7 15. Bxe4 dxe4 16. g5 hxg5 17. h4 gxh4 18. Rg4 f5 19. Rg6 Nf8 20. Rg2 Kf7 21. Rdg1 g6 22. Nf4 Qf6 23. Nce2 Be6 24. Nxg6 Nxg6 25. Rxg6 Qxg6 26. Rxg6 Kxg6 27. Nf4+ Kf6 28. Qc5 Bxa2 29. Qd6+ Kf7 30. Qg6+ Ke7 31. Qh7+ Kd6 32. Qxh4 Rf8 33. Qh7 b5 34. Qb7 Rac8 35. Qb6 Rc7 36. Qxa5 Bg8 37. Qb4+ c5 38. dxc5+ Rxc5+ 39. Kb1 Rc8 40. Qa5 Ke7 41. b4 Rc1+ 42. Kb2 R8c2+ 43. Ka3 Ra2# 0-1


[Site "https://www.chess.com"]

[Event "Titled Tuesday Blitz November 15 Early 2022"]
[White "Mgeladze, Tamaz"]
[Black "Fathy, Elameir"]
[WhiteFideId "13601202"]
[BlackFideId "10600396"]
[WhiteElo "2288"]
[BlackElo "2311"]
[Result "1-0"]
[Round "04"]
[TimeControl "180+1"]
[Date "2022.11.16"]
[WhiteClock "0:00:16"]
[BlackClock "0:00:01"]

1. c4 c6 2. Nf3 d5 3. g3 Nf6 4. Bg2 dxc4 5. O-O Nbd7 6. Qc2 Nb6 7. a4 a5 8. Na3 g6 9. Nxc4 Nxc4 10. Qxc4 Bg7 11. d3 O-O 12. Qh4 Qb6 13. Be3 Qxb2 14. Bd4 Qb4 15. Rab1 Qd6 16. Be5 Qd5 17. d4 Qd7 18. Ng5 Qg4 19. Qxg4 Nxg4 20. Bxg7 Kxg7 21. e4 Rb8 22. e5 Bf5 23. Rb6 Bd3 24. Rd1 Ba6 25. h3 Nh6 26. Bxc6 Nf5 27. Be4 Rfd8 28. d5 Rbc8 29. d6 exd6 30. exd6 Rc4 31. Bd3 Rd4 32. Bc2 Rxd1+ 33. Bxd1 Rxd6 34. Rb1 Bd3 35. Rc1 Ba6 36. Bf3 Nd4 37. Kg2 Nxf3 38. Nxf3 h6 39. Ne5 Kf6 40. Ng4+ Kg7 41. Rc7 h5 42. Ne5 Rf6 43. f4 h4 44. Ng4 1-0


[Site "https://www.chess.com"]

[Event "Titled Tuesday Blitz November 15 Early 2022"]
[White "Mihailidis, Anastasios"]
[Black "Tregubov, Pavel V."]
[WhiteFideId "4205588"]
[BlackFideId "4115341"]
[WhiteElo "2312"]
[BlackElo "2448"]
[Result "0-1"]
[Round "04"]
[TimeControl "180+1"]
[Date "2022.11.16"]
[WhiteClock "0:01:50"]
[BlackClock "0:00:59"]

1. e4 c5 2. Nf3 e6 3. c4 Nc6 4. Be2 Nf6 5. O-O d5 6. exd5 exd5 7. d4 cxd4 8. Nxd4 dxc4 9. Nxc6 Qxd1 10. Rxd1 bxc6 11. Bxc4 Be7 12. Re1 Nd5 13. Bxd5 cxd5 14. Nc3 Be6 15. Rd1 Rd8 16. Be3 a6 17. Rd2 O-O 18. Rad1 Bb4 19. Rd4 Bxc3 20. bxc3 Rc8 21. Bd2 Rc4 22. Rxc4 dxc4 23. Be3 Rb8 24. a4 Kf8 25. Bc5+ Ke8 26. a5 Rb2 27. Bb4 Bf5 28. h3 Bd3 29. Re1+ Re2 30. Rb1 Bxb1 0-1


[Site "https://www.chess.com"]

[Event "Titled Tuesday Blitz November 15 Early 2022"]
[White "Milikow, Yoav"]
[Black "Demin, Vladimir"]
[WhiteFideId "2822237"]
[BlackFideId "4167457"]
[WhiteElo "2341"]
[BlackElo "2553"]
[Result "1/2-1/2"]
[Round "04"]
[TimeControl "180+1"]
[Date "2022.11.16"]
[WhiteClock "0:00:12"]
[BlackClock "0:00:03"]

1. d4 Nf6 2. c4 e5 3. dxe5 Ng4 4. e4 Nxe5 5. f4 Nec6 6. Nc3 Bc5 7. Na4 Bb4+ 8. Kf2 O-O 9. Nf3 Re8 10. a3 Bf8 11. Bd3 d6 12. b4 Qf6 13. Rb1 Bg4 14. Be3 Nd7 15. Rc1 a5 16. b5 Ne7 17. Nc3 c6 18. h3 Bxf3 19. Qxf3 Ng6 20. Rhd1 Nh4 21. Qe2 Ne5 22. Bb1 Nhg6 23. g3 d5 24. cxd5 Bxa3 25. Rc2 Bb4 26. Na2 cxd5 27. Rxd5 Rad8 28. Kg2 Rxd5 29. exd5 Nd7 30. Qd3 Bd6 31. Re2 h5 32. Nc3 h4 33. Ne4 Qe7 34. Bd2 Kf8 35. Re1 hxg3 36. Nxd6 Qxd6 37. Rxe8+ Kxe8 38. Kxg3 Nf6 39. Ba2 Nh5+ 40. Kf3 Nhxf4 41. Qe4+ Kf8 42. Bxf4 Nh4+ 43. Ke2 Qf6 44. d6 Qb2+ 45. Kf1 Ng6 46. d7 Qxb5+ 47. Qc4 Qxd7 48. Bd6+ Kg8 49. Bg3 Qxh3+ 50. Kf2 Qd7 51. Bb1 Ne7 52. Qc2 g6 53. Qb2 Nf5 54. Be5 Ne7 55. Ba2 Nc6 56. Bc3 Qf5+ 57. Ke1 Qe4+ 58. Kd2 Qf4+ 59. Kc2 Qe4+ 60. Kd1 Qf3+ 61. Ke1 Qe3+ 62. Kd1 Qf3+ 63. Kc1 Qe3+ 64. Bd2 Qc5+ 65. Kb1 Qf5+ 66. Ka1 Qf1+ 67. Bb1 Qc4 68. Bc3 Qa4+ 69. Ba2 Qd1+ 70. Qb1 Qxb1+ 71. Kxb1 g5 72. Bd5 g4 73. Kc2 Kf8 74. Kd2 f5 75. Ke3 Ke7 76. Kf4 Kd6 77. Bg8 a4 78. Bh7 b5 79. Bxf5 b4 80. Ba1 Ne7 81. Bc2 b3 82. Bd1 Nd5+ 83. Ke4 Kc5 84. Bxg4 a3 85. Kd3 Nb4+ 86. Kc3 b2 87. Bxb2 axb2 88. Kxb2 1/2-1/2


[Site "https://www.chess.com"]

[Event "Titled Tuesday Blitz November 15 Early 2022"]
[White "Mischuk, Dmitry"]
[Black "Kamsky, Gata"]
[WhiteFideId "14118734"]
[BlackFideId "2000024"]
[WhiteElo "2256"]
[BlackElo "2666"]
[Result "1/2-1/2"]
[Round "04"]
[TimeControl "180+1"]
[Date "2022.11.15"]
[WhiteClock "0:00:31"]
[BlackClock "0:00:05"]

1. d4 d5 2. c4 c6 3. Nf3 Nf6 4. g3 g6 5. Bg2 Bg7 6. O-O O-O 7. cxd5 cxd5 8. Nc3 e6 9. Ne5 Bd7 10. Bg5 h6 11. Bf4 Nc6 12. Nxc6 Bxc6 13. Be5 Qe7 14. Rc1 Rfd8 15. a3 Bf8 16. Bxf6 Qxf6 17. e3 Rac8 18. b4 a5 19. Qb3 Qe7 20. Rb1 axb4 21. axb4 Be8 22. Rfc1 Rc4 23. Na2 Rdc8 24. Rd1 Qd7 25. Bf1 R4c7 26. b5 b6 27. Bd3 Qd6 28. Rdc1 Qa3 29. Rxc7 Rxc7 30. Qxa3 Bxa3 31. Rb3 Ra7 32. Nb4 Bxb4 33. Rxb4 Kf8 34. Rb2 Ke7 35. h4 g5 36. hxg5 hxg5 37. Kg2 Ra3 38. Be2 Kd6 39. Bf1 f6 40. Rb4 Bg6 41. Be2 Ra2 42. Bf3 Bd3 43. Rb3 Bc4 44. Rb1 Ra5 45. Rh1 f5 46. g4 Rxb5 47. Rh6 Ke7 48. gxf5 exf5 49. Bh5 Bd3 50. Rg6 g4 51. Rh6 Rb2 52. Kg3 b5 53. Rb6 Kd7 54. Bf7 Kc7 55. Rf6 Be4 56. Bg6 b4 57. Bxf5 Bxf5 58. Rxf5 Kc6 59. Rf8 Rb1 60. Rb8 Kc7 61. Rb5 Kc6 62. Rb8 Kc7 63. Rb5 Kc6 64. Rb8 1/2-1/2


[Site "https://www.chess.com"]

[Event "Titled Tuesday Blitz November 15 Early 2022"]
[White "Miszler, Levente"]
[Black "Ciuffoletti, Paolo"]
[WhiteFideId "763276"]
[BlackFideId "807630"]
[WhiteElo "2176"]
[BlackElo "2143"]
[Result "0-1"]
[Round "04"]
[TimeControl "180+1"]
[Date "2022.11.16"]
[WhiteClock "0:00:01"]
[BlackClock "0:00:02"]

1. Nf3 d5 2. c4 c6 3. g3 Nf6 4. Bg2 g6 5. O-O Bg7 6. Qc2 O-O 7. d3 Bg4 8. Nbd2 Na6 9. a3 Rc8 10. Rb1 b5 11. b4 bxc4 12. dxc4 Bf5 13. e4 dxe4 14. Nh4 e3 15. Nxf5 exd2 16. Bxd2 gxf5 17. Rbd1 e6 18. Bf4 Qb6 19. Rd6 Rfd8 20. Rfd1 Rxd6 21. Rxd6 Bf8 22. Rd1 Nb8 23. Qc3 Nbd7 24. c5 Qb7 25. g4 fxg4 26. h3 Bg7 27. Qg3 Nh5 28. Qxg4 Nxf4 29. Qxf4 Nf6 30. Qd6 Bf8 31. Qf4 Qe7 32. Rd3 Rd8 33. Rg3+ Kh8 34. Be4 Bg7 35. Bc2 Rd5 36. Bb3 Rd8 37. Bc2 h6 38. Qh4 Nd5 39. Qg4 Qf6 40. Qe4 Qf5 41. Qe2 Qf6 42. Qe4 Qf5 43. Qe2 Qe5 0-1


[Site "https://www.chess.com"]

[Event "Titled Tuesday Blitz November 15 Early 2022"]
[White "Mladenovic, Stefan"]
[Black "Hoffmann, Asa"]
[WhiteFideId "942227"]
[BlackFideId "2001470"]
[WhiteElo "2337"]
[BlackElo "2117"]
[Result "1-0"]
[Round "04"]
[TimeControl "180+1"]
[Date "2022.11.16"]
[WhiteClock "0:02:17"]
[BlackClock "0:00:37"]

1. d4 Nf6 2. Nf3 d6 3. Bf4 Bg4 4. e3 Nbd7 5. h3 Bh5 6. g4 Bg6 7. Bg2 c6 8. O-O e6 9. c4 Be7 10. Nc3 O-O 11. Qb3 Qb6 12. Rfe1 Ne4 13. Rac1 Nxc3 14. Qxc3 a5 15. e4 c5 16. d5 Bf6 17. e5 dxe5 18. Nxe5 Nxe5 19. Bxe5 Bxe5 20. Rxe5 exd5 21. cxd5 Rac8 22. f4 f6 23. Re6 Qb4 24. Qxb4 axb4 25. d6 Bf7 26. Re7 b6 27. d7 Rc7 28. Rd1 Rd8 29. Bd5 Bxd5 30. Re8+ Kf7 31. Rxd8 Bc6 32. Rf8+ Kxf8 33. d8=Q+ 1-0


[Site "https://www.chess.com"]

[Event "Titled Tuesday Blitz November 15 Early 2022"]
[White "Mohammed, Zozek Salah Mohammed"]
[Black "Saravana, Krishnan P."]
[WhiteFideId "4803361"]
[BlackFideId "5018382"]
[WhiteElo "2199"]
[BlackElo "2155"]
[Result "0-1"]
[Round "04"]
[TimeControl "180+1"]
[Date "2022.11.16"]
[WhiteClock "0:00:16"]
[BlackClock "0:00:08"]

1. d4 Nf6 2. Nf3 g6 3. g3 Bg7 4. Bg2 O-O 5. O-O d6 6. c4 Nbd7 7. Nc3 e5 8. e4 exd4 9. Nxd4 Re8 10. Re1 Nc5 11. b3 Ng4 12. Bb2 Ne5 13. Re3 Bg4 14. Qd2 Bh6 15. f4 Qc8 16. Nd5 Kf8 17. Nf6 Re7 18. fxe5 dxe5 19. Nf3 Qe6 20. Nxg4 Qxg4 21. Qe2 Bxe3+ 22. Qxe3 b6 23. Re1 Rd8 24. Ba3 Kg8 25. Qh6 f6 26. b4 Nd3 27. Rf1 Red7 28. b5 Qxe4 29. Nh4 Qd4+ 30. Kh1 Nf2+ 31. Rxf2 Qxf2 32. Nxg6 Rd1+ 33. Bf1 Rxf1# 0-1


[Site "https://www.chess.com"]